 Dungeon Crawl Stone Soup version 0.23.0-3-gf3c87f2 (webtiles) character file.

Game seed: 16311570517409886324

840 inmateoo the Slinger (level 8, -4/54 HPs)
             Began as a Halfling Hunter on Feb 21, 2019.
             Was a Follower of Okawaru.
             Slain by an orc warrior
             ... wielding a +0 halberd
              (14 damage)
             ... on level 5 of the Dungeon.
             The game lasted 00:06:27 (4732 turns).

inmateoo the Slinger (Halfling Hunter)              Turns: 4732, Time: 00:06:27

Health: -4/54      AC: 10    Str: 13    XL:     8   Next: 19%
Magic:  8/8        EV: 15    Int:  9    God:    Okawaru [*.....]
Gold:   271        SH:  0    Dex: 17    Spells: 7/7 levels left

rFire    . . .     SeeInvis .   a - +2 hunting sling
rCold    + . .     Gourm    .   (shield restricted)
rNeg     . . .     Faith    .   j - +0 ring mail
rPois    .         Spirit   .   B - +2 helmet
rElec    .         Reflect  .   A - +0 cloak
rCorr    .         Harm     .   (no gloves)
MR       .....                  k - +0 pair of boots
Stlth    +.........             o - amulet of the acrobat
HPRegen  0.18/turn              x - ring of protection from cold
MPRegen  0.11/turn              (no ring)

@: no status effects
A: small, mutation resistance 1
a: Heroism, Renounce Religion


You were on level 5 of the Dungeon.
You worshipped Okawaru.
Okawaru was aware of your devotion.
You were hungry.

You visited 1 branch of the dungeon, and saw 5 of its levels.

You collected 271 gold pieces.

Inventory:

Hand Weapons
 a - a +2 hunting sling (weapon)
 b - a +1 short sword of venom
 u - a +2 dagger of protection
 C - a +0 trident of venom
Missiles
 c - 117 stones
 d - 43 sling bullets (quivered)
Armour
 j - a +0 ring mail (worn)
 k - a +0 pair of boots (worn)
 A - a +0 cloak (worn)
 B - a +2 helmet (worn)
Jewellery
 o - an amulet of the acrobat (around neck)
 x - a ring of protection from cold (left hand)
Wands
 e - a wand of polymorph (12)
 w - a wand of digging (3)
 z - a wand of disintegration (11)
Scrolls
 g - 5 scrolls of teleportation
 h - a scroll of remove curse
 m - a scroll of immolation
 p - a scroll of enchant armour
 r - a scroll of amnesia
Potions
 i - 3 potions of magic
 l - a potion of mutation {unknown}
 s - a potion of brilliance
 t - a potion of heal wounds
Comestibles
 f - 15 rations


   Skills:
 + Level 3.9 Fighting
 - Level 3.0 Short Blades
 * Level 9.8 Slings
 + Level 2.4 Armour
 + Level 4.7 Dodging
 - Level 1.1 Stealth


You had 7 spell levels left.
You didn't know any spells.
Your spell library was empty.

Dungeon Overview and Level Annotations

Branches:
Dungeon (5/15)             Temple (0/1) D:4

Altars:
Okawaru

Annotations:
D:4 3 runed translucent doors, bli's ghost, novice FoAK


Innate Abilities, Weirdness & Mutations

You are small and have problems with some larger weapons.
You are somewhat resistant to further mutation.


Message History

Firing (i - inventory. (/) - cycle)
d - 45 sling bullets (quivered)
Press: ? - help, Shift-Dir - straight line, f/p - orc warrior
Aim: an orc warrior, wielding a +0 halberd and wearing a +0 chain mail (severely wounded)
You shoot a sling bullet.
The sling bullet barely misses the orc warrior.
The sling bullet barely misses the orc.
Unknown command.
Firing (i - inventory. (/) - cycle)
d - 44 sling bullets (quivered)
Press: ? - help, Shift-Dir - straight line, f/p - orc warrior
Aim: an orc warrior, wielding a +0 halberd and wearing a +0 chain mail (severely wounded)
You shoot a sling bullet.
The sling bullet completely misses the orc warrior.
The sling bullet hits the orc.
The orc is almost dead.
The orc warrior hits you from afar with a +0 halberd!!
* * * LOW HITPOINT WARNING * * *
Unknown command.
There is a stone staircase leading up here.
The orc warrior hits you from afar with a +0 halberd!
You die...

#..#......(..#.####..#.#.#
##...#....(..........#.#.#
##.##.##.(.###.#....#.#.#
#.##.##.(.# #.#....#.#.#
#.##.##.(.###<#....#.#.#
#.##.##.o..##.#...)#.#.###
#.##.###oo.##.#...........
#.##.###...##.#....#.#....
#........@.........#.#####
####.###...###...>.#.#
#.................#
#####.#######.#####
#....[....# ###########


You could see an orc warrior and 2 orcs.

Vanquished Creatures
  Sigmund (D:5)
  A phantom (D:3)
  A big kobold (D:4)
  A scorpion (D:4)
  A crimson imp (D:5)
  A bullfrog skeleton (D:4)
  4 orc wizards
  An iguana (D:4)
  A worker ant (D:5)
  6 adders
  A howler monkey skeleton (D:4)
  7 oozes
  An adder skeleton (D:4)
  A dart slug (D:2)
  4 worms
  6 leopard geckos
  26 orcs
  6 giant cockroaches
  7 hobgoblins
  4 jackals
  3 quokkas
  2 ball pythons
  4 bats
  3 frilled lizards
  7 goblins
  4 kobolds
  8 rats
112 creatures vanquished.

Notes
Turn   | Place    | Note
-------+----------+-------------------------------------------
     0 | D:1      | inmateoo the Halfling Hunter began the quest for the Orb.
     0 | D:1      | Reached XP level 1. HP: 14/14 MP: 1/1
   127 | D:1      | Reached skill level 6 in Slings
   137 | D:1      | Reached XP level 2. HP: 8/19 MP: 2/2
   395 | D:1      | Reached skill level 1 in Short Blades
   690 | D:1      | Reached XP level 3. HP: 24/24 MP: 3/3
  1244 | D:2      | Reached XP level 4. HP: 19/29 MP: 4/4
  1763 | D:2      | Found an iron altar of Okawaru.
  1825 | D:2      | Became a worshipper of Warmaster Okawaru
  2222 | D:3      | Reached skill level 7 in Slings
  2229 | D:3      | Reached XP level 5. HP: 28/35 MP: 5/5
  2283 | D:3      | Noticed a phantom
  2330 | D:3      | Killed a phantom
  2330 | D:3      | Reached XP level 6. HP: 30/41 MP: 6/6
  3054 | D:3      | Reached skill level 8 in Slings
  3230 | D:3      | Reached * piety under Okawaru
  3501 | D:4      | Found a staircase to the Ecumenical Temple.
  3508 | D:4      | Reached XP level 7. HP: 46/46 MP: 7/7
  3575 | D:4      | Reached skill level 1 in Armour
  4199 | D:5      | Entered Level 5 of the Dungeon
  4227 | D:4      | Reached skill level 9 in Slings
  4318 | D:4      | Noticed bli's ghost (novice FoAK)
  4328 | D:4      | Found a runed translucent gate.
  4328 | D:4      | Found a runed translucent gate.
  4353 | D:4      | Found a runed translucent gate.
  4643 | D:5      | Noticed Sigmund
  4716 | D:5      | Killed Sigmund
  4716 | D:5      | Reached XP level 8. HP: 49/54 MP: 8/8
  4732 | D:5      | Slain by an orc warrior

Skill      XL: |  1  2  3  4  5  6  7 |
---------------+----------------------+-----
Slings         | 6 7 8 9 |  9.8
Fighting       | 2 3 |  3.9
Short Blades   | 1 2 3 |  3.0
Dodging        | 3 4 |  4.7
Armour         | 2 |  2.4
Stealth        | |  1.1

Action                   |  1- 3 |  4- 6 |  7- 9 || total
-------------------------+-------+-------+-------++-------
Melee: Short sword       |    59 |    15 |    91 ||   165
       Dagger            |       |    11 |       ||    11
 Fire: Hunting sling     |    64 |   256 |    46 ||   366
  Use: Scroll            |       |       |    12 ||    12
  Eat: Chunk             |       |     7 |     4 ||    11
Armor: Leather armour    |     7 |       |       ||     7
       Ring mail         |     5 |    33 |    23 ||    61
Dodge: Dodged            |    48 |    63 |    48 ||   159
